 Dungeon Crawl Stone Soup version 0.29-a0-23-ga79f92ac9c (webtiles) character file.

Game seed: 8658398916057298816

254383 Lekart the Spry (level 19, -18/161 HPs)
             Began as a Red Draconian Chaos Knight on Jan 29, 2022.
             Was a Plaything of Xom.
             Demolished by an iron golem (36 damage)
             ... on level 1 of the Depths on Jan 30, 2022.
             The game lasted 01:56:07 (47794 turns).

Lekart the Spry (Red Draconian Chaos Knight)       Turns: 47794, Time: 01:56:08

Health: -18/161    AC: 22    Str: 19    XL:     19   Next: 40%
Magic:  33/33      EV: 22    Int: 12    God:    Xom [.....*]
Gold:   5265       SH: 33    Dex: 20    Spells: 29/39 levels left

rFire   + + .      SeeInvis +   C - +10 war axe "Giantslayer" {chaos, Fragile rN+ Int+2}
rCold   . . .      Faith    .   N - +8 tower shield of Supple Strength {rCorr}
rNeg    + . .      Spirit   .   (armour unavailable)
rPois   +          Reflect  +   f - +3 hat of Eclomm {rPois Will+++ Int-2 Dex-2}
rElec   .          Harm     +   A - +2 cloak {Will+}
rCorr   +          Rampage  +   l - +2 pair of gloves
Will    +++++      NoTele   +   L - +2 pair of boots {rampage}
Stlth   +++.......              i - amulet "Nipuomea" {Reflect -Tele Harm Fly SH+5 SInv}
HPRegen 0.36/turn               D - ring of Reargh {rPois Dex+7 Stlth+}
MPRegen 0.23/turn               n - +4 ring of slaying

@: flying, studying Necromancy
A: breathe fire, AC +10, unfitting armour, fire resistance 2, cold-blooded,
hooves 1, horns 1, clumsy 1, screaming 1, strong 1, wild magic 1
}: 1/15 runes: serpentine
a: Breathe Fire, Renounce Religion


You were on level 1 of the Depths.
You worshipped Xom.
You were Xom's teddy bear.
You visited 7 branches of the dungeon, and saw 33 of its levels.
You also visited: Sewer and Bailey.

You collected 6905 gold pieces.
You spent 1640 gold pieces at shops.

Inventory:

Hand Weapons
 a - a +1 falchion of chaos
 s - the +3 shortbow of Grace {chaos, rC+}
   (Xom gifted it to you on level 1 of the Elven Halls)

   Each projectile launched from it has a different, random effect.
   rC:        It protects you from cold.
 y - a +9 war axe of electrocution
 C - the +10 war axe "Giantslayer" (weapon) {chaos, Fragile rN+ Int+2}
   (Xom gifted it to you on level 1 of the Snake Pit)

   Each time it hits an enemy it has a different, random effect.
   Int:       It affects your intelligence (+2).
   rN:        It protects you from negative energy.
   Fragile:   It will be destroyed if unequipped.
 P - the +7 shortbow "Nogudweb" {flame, Str+4}
   (You found it on level 3 of the Elven Halls)

   Any ammunition fired from it burns those it strikes, dealing additional fire
   damage.
   Str:       It affects your strength (+4).
Missiles
 t - 1214 arrows
Armour
 f - the +3 hat of Eclomm (worn) {rPois Will+++ Int-2 Dex-2}
   (Xom gifted it to you on level 8 of the Dungeon)

   Int:       It affects your intelligence (-2).
   Dex:       It affects your dexterity (-2).
   rPois:     It protects you from poison.
   Will:      It greatly increases your willpower.
 l - a +2 pair of gloves (worn)
 A - a +2 cloak of willpower (worn)
 L - a +2 pair of boots of rampaging (worn)
 N - the +8 tower shield of Supple Strength (worn) {rCorr}
   (Xom gifted it to you on level 4 of the Lair of Beasts)

   rCorr:     It protects you from acid and corrosion.
Jewellery
 i - the amulet "Nipuomea" (around neck) {Reflect -Tele Harm Fly SH+5 SInv}
   (Xom gifted it to you on level 3 of the Dungeon)

   [amulet of reflection]

   It reflects blocked missile attacks.
   SInv:      It lets you see invisible.
   Fly:       It grants you flight.
   -Tele:     It prevents most forms of teleportation.
   SH:        It affects your SH (+5).
   Harm:      It increases damage dealt and taken.
 n - a +4 ring of slaying (right hand)
 p - a ring of positive energy
 D - the ring of Reargh (left hand) {rPois Dex+7 Stlth+}
   (Xom gifted it to you on level 2 of the Snake Pit)

   [ring of poison resistance]

   Dex:       It affects your dexterity (+7).
   rPois:     It protects you from poison.
   Stlth:     It makes you more stealthy.
 O - the ring of Fadwem {*Corrode +Blink rPois rN+ Will++}
   (You took it off a deep elf elementalist on level 3 of the Elven Halls)

   [ring of positive energy]

   rPois:     It protects you from poison.
   rN:        It protects you from negative energy.
   +Blink:    It lets you blink.
   *Corrode:  It may corrode you when you take damage.
   Will:      It greatly increases your willpower.
 V - a ring of ice
Wands
 x - a wand of paralysis (11)
 F - a wand of digging (24)
 H - a wand of charming (4)
 Q - a wand of flame (27)
 S - a wand of mindburst (12)
 T - a wand of iceblast (9)
Scrolls
 b - 15 scrolls of teleportation
 h - 4 scrolls of fear
 o - 5 scrolls of blinking
 r - a scroll of holy word
 u - 4 scrolls of enchant armour
 v - 3 scrolls of fog
 E - 5 scrolls of amnesia
 U - a scroll of magic mapping
 Z - a scroll of silence
Potions
 c - 2 potions of magic
 d - 14 potions of curing
 e - 5 potions of brilliance
 g - 4 potions of haste
 m - 9 potions of mutation
 q - 8 potions of ambrosia
 z - 2 potions of heal wounds
 I - 3 potions of lignification
 J - 2 potions of might
 M - 2 potions of berserk rage
 R - a potion of resistance
 X - 3 potions of attraction
Miscellaneous
 k - a phantom mirror
 w - a piece from Xom's chessboard (15/15)
 B - a box of beasts (inert)
 G - a phial of floods
 K - a tin of tremorstones (2/2)
 W - a condenser vane


   Skills:
 + Level 12.5 Fighting
 + Level 9.5 Long Blades
 + Level 15.3 Axes
 + Level 5.1 Bows
 + Level 0.3 Throwing
 * Level 16.1 Dodging
 + Level 13.6 Shields
 * Level 10.8 Spellcasting
 * Level 11.8 Transmutations
 * Level 11.4 Earth Magic
 + Level 3.3 Evocations


You had 29 spell levels left.
You knew the following spells:

 Your Spells              Type           Power      Damage    Failure   Level
a - Passwall              Tmut/Erth      36%        N/A       1%          2
b - Wereblood             Tmut           45%        N/A       1%          2
c - Statue Form           Tmut/Erth      29%        N/A       61%         6

Your spell library contained the following spells:

 Spells                   Type           Power      Damage    Failure   Level
 Beastly Appendage        Tmut           90%        N/A       1%          1
 Petrify                  Tmut/Erth      44%        N/A       6%          4
 Spider Form              Tmut/Pois      26%        N/A       17%         3
 Lee's Rapid Deconstruct  Erth           22%        3d13*     17%         5
 Ice Form                 Ice/Tmut       26%        N/A       47%         4
 Leda's Liquefaction      Hex/Erth       13%        N/A       50%         4
 Shock                    Conj/Air       32%        1d5       52%         1
 Slow                     Hex            32%        N/A       52%         1
 Blink                    Tloc           16%        N/A       65%         2
 Ensorcelled Hibernation  Hex/Ice        16%        N/A       65%         2
 Scorch                   Fire           16%        2d6       65%         2
 Static Discharge         Conj/Air       8%         N/A       65%         2
 Sublimation of Blood     Necr           8%         N/A       65%         2
 Irradiate                Conj/Tmut      13%        3d18      82%         5
 Call Canine Familiar     Summ           8%         N/A       86%         3
 Confusing Touch          Hex            8%         N/A       86%         3
 Frozen Ramparts          Ice            16%        1d3       86%         3
 Ozocubu's Armour         Ice            8%         N/A       86%         3
 Portal Projectile        Hex/Tloc       16%        N/A       86%         3
 Swiftness                Air            8%         N/A       86%         3
 Tukima's Dance           Hex            8%         N/A       86%         3
 Vampiric Draining        Necr           8%         2d6       86%         3
 Airstrike                Air            4%         N/A       99%         4
 Anguish                  Hex/Necr       4%         N/A       99%         4
 Animate Dead             Necr           4%         N/A       99%         4
 Flame Wave               Conj/Fire      8%         2d5       99%         4
 Olgreb's Toxic Radiance  Pois           8%         N/A       99%         4
 Summon Ice Beast         Ice/Summ       8%         N/A       99%         4
 Lightning Bolt           Conj/Air       4%         1d15      100%        5
 Manifold Assault         Tloc           8%         N/A       100%        5
 Metabolic Englaciation   Hex/Ice        4%         N/A       100%        5
 Dispersal                Tloc           4%         N/A       100%        6
 Simulacrum               Ice/Necr       4%         N/A       100%        6
 Summon Cactus Giant      Summ           4%         N/A       100%        6
 Enfeeble                 Hex            4%         N/A       100%        7
 Haunt                    Necr/Summ      4%         N/A       100%        7
 Ozocubu's Refrigeration  Ice            4%         4d5       100%        7
 Storm Form               Tmut/Air       13%        N/A       100%        7
 Borgnjor's Revivificati  Necr           4%         N/A       100%        8
 Disjunction              Tloc           4%         N/A       100%        8
 Ignition                 Fire           4%         3d4       100%        8
 Infestation              Necr           4%         N/A       100%        8
 Maxwell's Capacitive Co  Air            4%         ∞         100%        8
 Necromutation            Tmut/Necr      13%        N/A       100%        8
 Chain Lightning          Conj/Air       4%         3d5       100%        9
 Death's Door             Necr           4%         N/A       100%        9


Dungeon Overview and Level Annotations

Branches:
Dungeon (15/15)            Temple (0/1) D:6            Lair (6/6) D:9
  Swamp (0/4) Lair:3        Snake (4/4) Lair:2        Slime (0/5) Lair:6
    Orc (2/2) D:10            Elf (3/3) Orc:2        Vaults (0/5) D:14
 Depths (2/4) D:15           Hell (visited)           Sewer (visited)
 Bailey (visited)
    Dis: Hell:1         Geh: Hell:1         Coc: Hell:1         Tar: Hell:1

Altars:
Fedhas
Hepliaklqana
Sif Muna
Trog
Xom
The Shining One

Shops:
Orc:2 *=??   Elf:1 =   Elf:2 :(*   Snake:1 =   Snake:2 ?   Depths:1 *:[?

Portals:
Hell: Depths:1 Depths:2
Abyss: Depths:1

Annotations:
D:5 2 transporters, stil's ghost, novice BaSu
D:13 1 runed translucent door
Lair:1 exclusion: downstairs
Lair:3 exclusion: 2 downstairs
Snake:2 exclusion: downstairs
Snake:3 Nikola
Depths:1 exclusion: downstairs
Hell Geryon


Innate Abilities, Weirdness & Mutations

You can breathe blasts of fire.
Your fiery red scales are hard. (AC +10)
You cannot fit into any form of body armour.
Your flesh is very heat resistant. (rF++)
You are cold-blooded and may be slowed by cold attacks.
You have large cloven feet.
You have a pair of small horns on your head.
You are clumsy. (Dex -2)
You occasionally shout uncontrollably at your foes.
Your muscles are strong. (Str +2)
Your spells are a little harder to cast, but a little more powerful.


Message History

You block the iron golem's attack. x2
You closely miss the iron golem.
You headbutt the iron golem, but do no damage.
The iron golem is severely damaged.
You block the iron golem's attack. x2
You closely miss the iron golem. You headbutt the iron golem.
The iron golem is severely damaged.
You block the iron golem's attack. x4
You slash the iron golem!
Nothing appears to happen.
You headbutt the iron golem, but do no damage.
The iron golem is almost destroyed.
You block the iron golem's attack. x2
You barely miss the iron golem.
You headbutt the iron golem, but do no damage.
The iron golem is almost destroyed.
You block the iron golem's attack. x3; The iron golem hits you!
You barely miss the iron golem.
The iron golem is almost destroyed.
You block the iron golem's attack. The iron golem closely misses you.
You hit the iron golem.
You tail-slap the iron golem, but do no damage.
The iron golem is almost destroyed.
You block the iron golem's attack. x2
You slice the iron golem!!
You headbutt the iron golem, but do no damage.
The iron golem is almost destroyed.
You block the iron golem's attack. x2; The iron golem barely misses you.
The iron golem hits you!!
You hit the iron golem but do no damage.
You headbutt the iron golem, but do no damage.
You tail-slap the iron golem, but do no damage.
The iron golem is almost destroyed.
The iron golem closely misses you. You block the iron golem's attack.
You hit the iron golem. You headbutt the iron golem.
The iron golem is almost destroyed.
You block the iron golem's attack. The iron golem hits you!!!
* * * LOW HITPOINT WARNING * * *
The iron golem hits you!!
You die...
Xom bursts into laughter!

......∩..#..∩...[[.......#
..#.....................##
..#♣...........♣.[.[.....#
..##♣....∩.[..♣.##......##
#..##♣.......♣.####.....#
....##♣.....♣.######..[.# ...##
#♣...♣.#...####<..##
....#####.#.#.....# #....########
##..#..........9@.###(...........
#........##......(.....(........
##...........[........>[.........
##...>.#.........>...............
###....##..........##............
# ##..####......#####...########.
# #### ##..#.)# ###...## #. #
####### #.#....# #. #
###..#.)#### #.


You could see an iron golem (fast, strong, agile, invisible).

Vanquished Creatures
  Vashnia (Snake:3)
  Jorgrun (Orc:1)
  A lich (Depths:1)
  2 deep elf master archers (Elf:3)
  Mlioglotl (Snake:3)
  2 deep elf blademasters
  Frances (Elf:1)
  Agnes (Snake:1)
  Kirke (D:14)
  A sphinx (D:14)
  A storm dragon (Depths:2)
  A shadow dragon (D:14)
  5 nagarajas
  4 deep elf sorcerers
  3 frost giants
  4 spectral caustic shrikes (Depths:1)
  2 reapers (Hell)
  3 deep elf elementalists
  Louise (Snake:3)
  6 very ugly things
  A stone giant (Depths:1)
  2 dire elephants
  3 deep elf annihilators
  3 deep elf demonologists
  Azrael (D:13)
  A minotaur (D:9)
  6 deep elf death magi
  3 ettins
  2 fire dragons
  2 deep elf high priests (Elf:3)
  A great orb of eyes (Depths:1)
  A vault guard (D:14)
  3 ice dragons
  2 boulder beetles (D:12)
  16 naga warriors
  A rakshasa (Depths:1)
  4 salamander tyrants (Snake:4)
  4 hydras
  2 ogre magi (Orc:2)
  16 anacondas
  A catoblepas (D:13)
  13 two-headed ogres
  8 centaur warriors
  16 dancing weapons
  An alligator (D:14)
  3 tengu warriors
  4 deep troll earth magi (Depths:1)
  3 deep troll shamans (Depths:1)
  10 death yaks
  A spriggan berserker (Depths:1)
  Sonja (Lair:4)
  Urug (Lair:1)
  3 shock serpents
  12 naga sharpshooters
  A hell knight (Depths:2)
  A soul eater (Depths:2)
  13 deep elf knights
  11 deep trolls
  5 iron trolls
  2 goliath frogs (Lair:6)
  5 salamander mystics
  18 skeletal warriors
  A glowing orange brain (D:15)
  4 orc knights
  A swamp dragon (Snake:4)
  7 naga ritualists
  5 deep elf archers
  A lindwurm (Lair:6)
  Pikel (D:7)
  10 mana vipers
  A harpy (shapeshifter) (D:14)
  2 wizards
  A necromancer (Depths:2)
  13 deep elf pyromancers
  An orc sorcerer (Orc:1)
  26 ugly things
  21 deep elf zephyrmancers
  An oklob plant (Lair:4)
  13 salamanders
  7 cyclopes
  10 elephants
  5 manticores
  13 naga magi
  A storm dragon simulacrum (D:15)
  5 guardian serpents
  2 gargoyles (D:12)
  30 black mambas
  4 unseen horrors
  16 cane toads
  Psyche (D:8)
  4 rime drakes
  2 freezing wraiths (D:14)
  An efreet (D:14)
  7 komodo dragons
  An ice devil (Depths:2)
  3 meliai (D:14)
  A queen bee (Lair:1)
  12 trolls
  2 polar bears
  A hornet (shapeshifter) (Elf:3)
  A wind drake (shapeshifter) (Snake:3)
  A hornet (Depths:1)
  A tarantella (shapeshifter) (Elf:1)
  2 tyrant leeches (Lair:6)
  8 slime creatures
  A wolf spider simulacrum (D:15)
  16 blink frogs
  2 centaur simulacra
  3 air elementals
  2 water elementals
  Sigmund (D:2)
  2 shadows (D:10)
  3 wyverns
  A yak (shapeshifter) (D:14)
  33 yaks
  7 spriggans
  2 wraiths
  A human (Snake:3)
  8 large abominations (Depths:1)
  A basilisk (D:13)
  3 hogs (D:15)
  5 steam dragons
  4 fire elementals
  A chaos spawn (D:15)
  8 vampire mosquitoes
  3 small abominations (Depths:1)
  A warg (Orc:2)
  32 nagas
  4 acid dragons
  2 hell hounds (D:13)
  A floating eye (shapeshifter) (Elf:3)
  24 water moccasins
  16 orc warriors
  2 black bears
  3 sky beasts
  A necrophage (D:7)
  A boggart (shapeshifter) (D:14)
  30 ogres
  18 wolves
  A boggart (Elf:1)
  12 centaurs
  4 kobold brigands
  2 phantoms
  A gnoll sergeant (D:10)
  19 bullfrogs
  An earth elemental (Elf:2)
  2 scorpions
  A wyvern skeleton (D:7)
  29 killer bees
  2 troll zombies (D:10)
  2 vampire bats (Lair:6)
  5 wights (D:8)
  4 electric eels
  2 howler monkeys (D:8)
  2 centaur zombies
  4 jellies (Lair:6)
  15 orc priests
  A hound (D:6)
  A bullfrog skeleton (D:6)
  3 iguanas
  Jessica (D:2)
  13 orc wizards
  3 hell rats
  A killer bee zombie (D:8)
  4 ogre zombies (D:10)
  5 gnolls
  10 adders
  5 river rats
  2 white imps
  An ufetubus (D:5)
  A worm (D:2)
  3 dart slugs
  44 orcs
  9 ball pythons
  5 endoplasms
  4 giant cockroaches
  3 hobgoblins
  8 jackals
  5 quokkas
  12 bats
  3 frilled lizards
  10 goblins
  A goblin skeleton (D:10)
  3 goblin zombies (D:10)
  A hobgoblin skeleton (D:10)
  A hobgoblin zombie (D:10)
  18 kobolds
  5 orc skeletons (D:10)
  8 orc zombies (D:10)
  7 rats
1050 creatures vanquished.

Vanquished Creatures (collateral kills)
  Gastronok (D:8)
  A rakshasa (Depths:1)
  2 skeletal warriors (D:12)
  A naga ritualist (Snake:4)
  A salamander (Snake:4)
  A naga mage (Snake:4)
  2 cane toads (Lair:6)
  A rime drake (Lair:6)
  A hornet (Depths:1)
  A tyrant leech (Lair:6)
  5 blink frogs (Lair:6)
  A spriggan (Bailey)
  8 yaks (Lair:6)
  2 vampire mosquitoes (Lair:6)
  A wolf (Lair:1)
  An ogre (D:4)
  3 bullfrogs (Lair:6)
  2 orc priests
  A centaur skeleton (D:4)
  2 gnolls (D:4)
  An adder skeleton (D:4)
  A dart slug (D:4)
  An endoplasm (D:4)
  A giant cockroach (D:4)
42 creatures vanquished.

Vanquished Creatures (others)
  A deep elf death mage (Elf:3)
  2 dancing weapons
  A deep elf knight (Elf:2)
  A deep elf pyromancer (Elf:2)
  A black mamba (Snake:2)
  A cane toad (Lair:6)
  A tengu conjurer (Elf:1)
  A troll (D:8)
  A human (D:15)
  A centaur (D:12)
  A kobold brigand (Sewer)
  58 fungi
  111 plants
  2 starspawn tentacles (Snake:3)
183 creatures vanquished.

Grand Total: 1275 creatures vanquished

Notes
Turn   | Place    | Note
-------+----------+-------------------------------------------
     0 | D:1      | Lekart the Draconian Chaos Knight began the quest for the
                  | Orb.
     0 | D:1      | Reached XP level 1. HP: 19/19 MP: 1/1
    42 | D:1      | Found a faded altar of an unknown god.
   296 | D:1      | Reached XP level 2. HP: 26/26 MP: 2/2
   580 | D:1      | XOM: draining
   714 | D:1      | Reached XP level 3. HP: 22/28 MP: 3/3
   919 | D:2      | Noticed Jessica
   924 | D:2      | Noticed Sigmund
   927 | D:2      | Killed Jessica
   934 | D:2      | XOM: enchant monster (good)
   936 | D:2      | Killed Sigmund
   937 | D:2      | Reached skill level 3 in Dodging
   937 | D:2      | Reached XP level 4. HP: 14/41 MP: 4/4
   937 | D:2      | Reached XP level 5. HP: 17/47 MP: 5/5
  1268 | D:2      | XOM: stat loss: -1 Str (14/15)
  1356 | D:2      | XOM: silly message
  1622 | D:2      | Reached skill level 5 in Long Blades
  2019 | D:3      | XOM: blink monster(s)
  2056 | D:3      | XOM: silly message
  2107 | D:3      | Reached XP level 6. HP: 53/53 MP: 6/6
  2342 | D:3      | XOM: summons 2 friendly demons
  2351 | D:3      | XOM: god gift: staff of death
  2486 | D:3      | Identified the amulet "Nipuomea" {Reflect -Tele Harm Fly
                  | SH+5 SInv} (Xom gifted it to you on level 3 of the Dungeon)
  2486 | D:3      | XOM: god gift: amulet "Nipuomea" {Reflect -Tele Harm Fly
                  | SH+5 SInv}
  2728 | D:3      | Found a glowing golden altar of the Shining One.
  2815 | D:3      | XOM: destruction
  2869 | D:3      | XOM: give mutations
  2869 | D:3      | Gained mutation: Your tail ends in a venomous barb. [Xom's
                  | grace]
  2869 | D:3      | Gained mutation: You have an increased reservoir of magic.
                  | (+10% MP) [Xom's grace]
  3007 | D:4      | Reached skill level 4 in Dodging
  3202 | D:4      | XOM: cloud trail
  3230 | D:4      | Your scales start taking on a fiery red colour.
  3230 | D:4      | Reached XP level 7. HP: 51/60 MP: 7/7
  3230 | D:4      | Gained mutation: Your flesh is heat resistant. (rF+) [Red
                  | Draconian growth]
  3301 | D:4      | Reached skill level 5 in Fighting
  3393 | D:4      | Learned a level 2 spell: Passwall
  3626 | D:4      | XOM: divination: magic mapping
  3632 | D:5      | Entered Level 5 of the Dungeon
  3632 | D:5      | Found a transporter.
  3823 | D:5      | Noticed stil's ghost (novice BaSu)
  3825 | D:5      | Found a transporter.
  3850 | D:5      | XOM: divination: detect items
  3917 | D:5      | Reached skill level 5 in Dodging
  3971 | D:5      | XOM: give mutation
  3971 | D:5      | Gained mutation: You have sharp fingernails. [Xom's grace]
  4518 | D:5      | XOM: god gift: 23 gold pieces
  4864 | D:6      | Identified a scroll of acquirement
  4864 | D:6      | Acquired 1058 gold pieces
  4870 | D:6      | XOM is BORED!
  5005 | D:6      | Found a glowing drain.
  5006 | D:6      | XOM: confuse monster(s)
  5033 | Sewer    | Entered a sewer
  5171 | Sewer    | Reached XP level 8. HP: 47/69 MP: 8/8
  5374 | Sewer    | Reached skill level 1 in Shields
  5447 | Sewer    | XOM: give mutations
  5447 | Sewer    | Gained mutation: You have a pair of small horns on your
                  | head. [Xom's grace]
  5447 | Sewer    | Gained mutation: You have sharp toenails. [Xom's grace]
  5509 | Sewer    | XOM: give mutations
  5509 | Sewer    | Lost mutation: You have sharp toenails. [Xom's grace]
  5509 | Sewer    | Gained mutation: You have large cloven feet. [Xom's grace]
  5509 | Sewer    | Gained mutation: Your flesh is cold resistant. (rC+) [Xom's
                  | grace]
  5509 | Sewer    | Gained mutation: You expend magic power (3 MP) to
                  | strengthen your wands. [Xom's grace]
  5664 | D:6      | Reached skill level 6 in Dodging
  5923 | D:6      | Found a staircase to the Ecumenical Temple.
  5956 | D:7      | XOM: noise
  6028 | D:7      | XOM: polymorph bullfrog -> killer bee
  6095 | D:7      | Noticed Pikel
  6099 | D:7      | XOM: summons 3 friendly demons
  6115 | D:7      | Killed Pikel
  6116 | D:7      | Reached XP level 9. HP: 8/75 MP: 9/9
  6269 | D:7      | Reached skill level 7 in Dodging
  6292 | D:7      | XOM: scenery: 1 doors open, 2 doors close
  6718 | D:7      | XOM: cloud trail
  6855 | D:7      | XOM: god gift: wand of flame (10)
  7169 | D:7      | XOM: summons 4 hostile demons
  7217 | D:7      | Reached skill level 1 in Bows
  7298 | D:7      | XOM: summons 1 hostile demon
  7467 | D:8      | XOM: summons friendly iron imp
  7564 | D:8      | XOM: scenery: create altars
  7670 | D:8      | Noticed Gastronok
  7674 | D:8      | XOM: summons 8 friendly demons
  7677 | D:8      | Killed Gastronok
  7678 | D:8      | Reached skill level 8 in Dodging
  7678 | D:8      | Reached XP level 10. HP: 62/84 MP: 11/11
  7712 | D:8      | XOM: give mutations
  7712 | D:8      | Gained mutation: You have hidden genetic potential. [Xom's
                  | grace]
  7712 | D:8      | Gained mutation: You have a pair of horns on your head.
                  | [Xom's grace]
  7757 | D:8      | Identified the +3 hat of Eclomm {rPois Will+++ Int-2 Dex-2}
                  | (Xom gifted it to you on level 8 of the Dungeon)
  7757 | D:8      | XOM: god gift: +3 hat of Eclomm {rPois Will+++ Int-2 Dex-2}
  7847 | D:8      | Got the Handbook of Evil Rites and Weightlessness
  7892 | D:8      | Noticed Maurice
  7904 | D:8      | XOM: fog
  7909 | D:8      | XOM: divine lightning
  7926 | D:8      | Reached skill level 1 in Axes
  7929 | D:8      | Noticed Maurice
  7929 | D:8      | Maurice changed into Maurice the acid dragon
  8024 | D:8      | Killed Maurice the acid dragon
  8074 | D:8      | XOM: repel stairs
  8156 | D:8      | Noticed Psyche
  8177 | D:7      | Reached skill level 9 in Dodging
  8349 | D:8      | Killed Psyche
  8376 | D:8      | XOM: give mutations
  8376 | D:8      | Lost mutation: You expend magic power (3 MP) to strengthen
                  | your wands. [Xom's mischief]
  8376 | D:8      | Lost mutation: You have sharp fingernails. [Xom's mischief]
  8376 | D:8      | Lost mutation: You have large cloven feet. [Xom's mischief]
  8376 | D:8      | Gained mutation: You sometimes lose the ability to read
                  | scrolls when taking damage. [Xom's mischief]
  8671 | D:9      | Found a flagged portal.
  8793 | Bailey   | Entered a bailey
  8830 | Bailey   | XOM: enchant monster (good)
  8881 | Bailey   | Reached skill level 1 in Evocations
  8981 | Bailey   | Noticed a two-headed ogre
  8984 | Bailey   | XOM: divination: detect items
  8987 | Bailey   | Killed a two-headed ogre
  9300 | Bailey   | XOM: cast spell 'Summon Mana Viper'
  9570 | D:9      | Reached XP level 11. HP: 81/93 MP: 12/12
  9733 | D:9      | Noticed a death yak
  9756 | D:9      | Noticed a death yak
  9757 | D:9      | XOM: divination: detect items
  9757 | D:9      | Noticed a death yak
  9762 | D:9      | XOM: cast spell 'Alistair's Intoxication'
  9767 | D:10     | Entered Level 10 of the Dungeon
  9796 | D:10     | Gained mutation: You have a pair of large horns on your
                  | head. [hidden potential]
  9815 | D:10     | XOM: silly message
  9816 | D:10     | XOM: scenery: 1 doors open
  9920 | D:10     | Noticed a two-headed ogre
  9922 | D:10     | XOM: confuse monster(s)
  9931 | D:10     | Killed a two-headed ogre
 10034 | D:10     | Found a staircase to the Orcish Mines.
 10039 | D:10     | Reached skill level 10 in Dodging
 10449 | D:10     | Noticed a two-headed ogre
 10455 | D:10     | Killed a two-headed ogre
 10456 | D:10     | Reached skill level 5 in Axes
 10893 | D:10     | XOM: cloud trail
 11134 | D:9      | XOM: destruction
 11136 | D:9      | XOM: summons 3 friendly demons
 11138 | D:9      | XOM: summons friendly shadow imp
 11153 | D:9      | Killed a death yak
 11156 | D:9      | Noticed a minotaur
 11156 | D:9      | a death yak changed into a minotaur
 11156 | D:9      | XOM: polymorph death yak -> minotaur
 11162 | D:9      | HP: 1/95 [death yak (14)]
 11165 | D:9      | XOM: cleaving
 11179 | D:9      | Killed a death yak
 11258 | D:9      | XOM: give mutations
 11258 | D:9      | Gained mutation: You are partially covered in large bone
                  | plates. (SH +4) [Xom's grace]
 11258 | D:9      | Gained mutation: Your natural rate of healing is unusually
                  | fast. [Xom's grace]
 11258 | D:9      | Gained mutation: You have sharp fingernails. [Xom's grace]
 11258 | D:9      | Gained mutation: You are agile. (Dex +2) [Xom's grace]
 11308 | D:9      | Found a staircase to the Lair.
 11349 | D:9      | Killed a minotaur
 11642 | Lair:1   | Entered Level 1 of the Lair of Beasts
 11699 | Lair:1   | XOM: scenery: 1 doors open, 1 doors close
 11701 | Lair:1   | XOM: polymorph killer bee -> adder
 11839 | Lair:1   | XOM: summons 5 friendly demons
 11861 | Lair:1   | XOM: summons 3 hostile demons
 11895 | Lair:1   | XOM: god gift: wand of acid (4)
 11899 | Lair:1   | XOM: scenery: 2 doors open, 1 doors close
 11913 | Lair:1   | Lost mutation: Your natural rate of healing is unusually
                  | fast. [potion of mutation]
 11913 | Lair:1   | Lost mutation: Your flesh is cold resistant. (rC+) [potion
                  | of mutation]
 11913 | Lair:1   | Lost mutation: You have an increased reservoir of magic.
                  | (+10% MP) [potion of mutation]
 11913 | Lair:1   | Gained mutation: You have supernaturally acute eyesight.
                  | (SInv) [potion of mutation]
 11913 | Lair:1   | Gained mutation: Your magical capacity is low. (-10% MP)
                  | [potion of mutation]
 11913 | Lair:1   | Gained mutation: Your tail ends in a sharp venomous barb.
                  | [potion of mutation]
 11914 | Lair:1   | Lost mutation: You have supernaturally acute eyesight.
                  | (SInv) [potion of mutation]
 11914 | Lair:1   | Lost mutation: You have sharp fingernails. [potion of
                  | mutation]
 11914 | Lair:1   | Lost mutation: Your magical capacity is low. (-10% MP)
                  | [potion of mutation]
 11915 | Lair:1   | Lost mutation: You are agile. (Dex +2) [potion of mutation]
 11915 | Lair:1   | Lost mutation: You sometimes lose the ability to read
                  | scrolls when taking damage. [potion of mutation]
 11915 | Lair:1   | Lost mutation: You are partially covered in large bone
                  | plates. (SH +4) [potion of mutation]
 11915 | Lair:1   | Gained mutation: Your tail ends in a wickedly sharp and
                  | venomous barb. [potion of mutation]
 11915 | Lair:1   | Gained mutation: Your large and strong wings let you fly.
                  | [potion of mutation]
 11915 | Lair:1   | Gained mutation: You have sharp toenails. [potion of
                  | mutation]
 11915 | Lair:1   | Gained mutation: Your mind is acute. (Int +2) [potion of
                  | mutation]
 11958 | Lair:1   | Noticed Urug
 11967 | Lair:1   | XOM: confuse monster(s)
 11968 | Lair:1   | Killed Urug
 11969 | Lair:1   | Reached skill level 11 in Dodging
 11969 | Lair:1   | Reached XP level 12. HP: 45/103 MP: 12/12
 11971 | Lair:1   | Gained mutation: You have sharp fingernails. [hidden
                  | potential]
 11971 | Lair:1   | Lost mutation: You have hidden genetic potential. [hidden
                  | potential expressed]
 11974 | Lair:1   | Noticed an eight-headed hydra
 11994 | Lair:1   | Killed an eight-headed hydra
 12294 | Lair:1   | XOM: summons 4 hostile shadow creatures
 12640 | Lair:1   | Reached skill level 1 in Earth Magic
 12757 | Lair:1   | Reached skill level 1 in Transmutations
 12941 | Lair:1   | XOM: give mutation
 12941 | Lair:1   | Gained mutation: You are somewhat resistant to further
                  | mutation. [Xom's grace]
 12972 | Lair:1   | XOM: give mutations
 12972 | Lair:1   | Lost mutation: You are somewhat resistant to further
                  | mutation. [Xom's grace]
 12972 | Lair:1   | Gained mutation: You have hidden genetic potential. [Xom's
                  | grace]
 12972 | Lair:1   | Gained mutation: You possess an exceptional clarity of
                  | mind. [Xom's grace]
 12972 | Lair:1   | Gained mutation: You have razor-sharp toenails. [Xom's
                  | grace]
 13017 | Lair:1   | XOM: give mutation
 13017 | Lair:1   | Gained mutation: Your spells are a little harder to cast,
                  | but a little more powerful. [Xom's grace]
 13204 | Lair:2   | Found a staircase to the Snake Pit.
 13206 | Lair:2   | XOM: enchant monster (bad)
 13251 | Lair:2   | XOM: noise
 13264 | Lair:2   | Reached skill level 1 in Spellcasting
 13454 | Lair:2   | XOM: cleaving
 13461 | Lair:2   | XOM: enchant monster (bad)
 13530 | Lair:1   | XOM: give mutations
 13530 | Lair:1   | Lost mutation: Your large and strong wings let you fly.
                  | [Xom's mischief]
 13530 | Lair:1   | Lost mutation: You have a pair of large horns on your head.
                  | [Xom's mischief]
 14690 | Lair:2   | XOM: silly message
 14730 | Lair:2   | Noticed a fire dragon
 14738 | Lair:2   | Killed a fire dragon
 14937 | Lair:3   | Found a staircase to the Swamp.
 15045 | Lair:3   | XOM: give mutation
 15045 | Lair:3   | Gained mutation: You passively map a small area around you.
                  | [Xom's grace]
 15066 | Lair:3   | XOM: give mutations
 15066 | Lair:3   | Lost mutation: You have razor-sharp toenails. [Xom's grace]
 15066 | Lair:3   | Lost mutation: You have sharp toenails. [Xom's grace]
 15066 | Lair:3   | Gained mutation: You have large cloven feet. [Xom's grace]
 15066 | Lair:3   | Gained mutation: A frigid envelope surrounds you and
                  | freezes all who hurt you. [Xom's grace]
 15066 | Lair:3   | Gained mutation: Your muscles are strong. (Str +2) [Xom's
                  | grace]
 15104 | Lair:3   | XOM: give mutations
 15104 | Lair:3   | Lost mutation: You possess an exceptional clarity of mind.
                  | [Xom's mischief]
 15104 | Lair:3   | Lost mutation: You have sharp fingernails. [Xom's mischief]
 15104 | Lair:3   | Lost mutation: Your mind is acute. (Int +2) [Xom's
                  | mischief]
 15104 | Lair:3   | Lost mutation: You passively map a small area around you.
                  | [Xom's mischief]
 15195 | Lair:3   | Reached skill level 5 in Bows
 15229 | Lair:3   | XOM: give mutations
 15229 | Lair:3   | Gained mutation: You passively map a small area around you.
                  | [Xom's grace]
 15229 | Lair:3   | Gained mutation: You are robust. (+10% HP) [Xom's grace]
 15229 | Lair:3   | Gained mutation: Your flesh is cold resistant. (rC+) [Xom's
                  | grace]
 15474 | Lair:3   | XOM: give mutations
 15474 | Lair:3   | Gained mutation: You have a somewhat thin skeletal
                  | structure. (Dex +2, Stealth+) [Xom's grace]
 15474 | Lair:3   | Gained mutation: You are agile. (Dex +2) [Xom's grace]
 15474 | Lair:3   | Gained mutation: Your flesh is very heat resistant. (rF++)
                  | [Xom's grace]
 15474 | Lair:3   | Lost mutation: You have hidden genetic potential. [Xom's
                  | grace]
 15474 | Lair:3   | Gained mutation: You are somewhat resistant to further
                  | mutation. [Xom's grace]
 15535 | Lair:3   | XOM: cloud trail
 15563 | Lair:3   | XOM: summons 2 hostile demons
 15671 | Lair:3   | Found a glowing golden altar of the Shining One.
 15673 | Lair:3   | XOM: confuse monster(s)
 15949 | Lair:3   | XOM: noise
 16071 | Lair:4   | Noticed a death yak
 16071 | Lair:4   | Noticed a death yak
 16071 | Lair:4   | Noticed a death yak
 16071 | Lair:4   | Noticed a death yak
 16071 | Lair:4   | Noticed a death yak
 16118 | Lair:4   | Noticed a dire elephant
 16118 | Lair:4   | a death yak changed into a dire elephant
 16118 | Lair:4   | XOM: polymorph death yak -> dire elephant
 16121 | Lair:3   | XOM: give mutation
 16121 | Lair:3   | Lost mutation: Your flesh is cold resistant. (rC+) [Xom's
                  | mischief]
 16161 | Lair:4   | Noticed Sonja
 16163 | Lair:4   | Killed Sonja
 16171 | Lair:4   | XOM: noise
 16176 | Lair:4   | XOM: stat loss: -1 Str (17/18)
 16184 | Lair:4   | XOM: stat loss: -1 Str (16/18)
 16200 | Lair:4   | XOM: fog
 16257 | Lair:4   | XOM: scenery: create altars
 16268 | Lair:4   | XOM: butterfly on damage
 16270 | Lair:4   | Killed a dire elephant
 16473 | Lair:4   | XOM: give mutations
 16473 | Lair:4   | Gained mutation: You passively dampen the noise of your
                  | surroundings. [Xom's grace]
 16473 | Lair:4   | Gained mutation: You are somewhat resistant to both further
                  | mutation and mutation removal. [Xom's grace]
 16594 | Lair:4   | Killed a death yak
 16594 | Lair:4   | Killed a death yak
 16595 | Lair:4   | Reached XP level 13. HP: 66/122 MP: 17/17
 16601 | Lair:4   | XOM: cast spell 'Leda's Liquefaction'
 16745 | Lair:4   | XOM: god gift: thick smoking staff {god gift}
 16830 | Lair:4   | XOM: divination: detect creatures
 16898 | Lair:4   | Identified the +8 tower shield of Supple Strength {rCorr}
                  | (Xom gifted it to you on level 4 of the Lair of Beasts)
 16898 | Lair:4   | XOM: god gift: +8 tower shield of Supple Strength {rCorr}
 17110 | Lair:4   | XOM: summons friendly iron imp
 17117 | Lair:4   | Reached skill level 5 in Shields
 17213 | Lair:4   | XOM: god gift: plate armour {god gift}
 17228 | Lair:4   | Reached skill level 10 in Axes
 17263 | Lair:4   | XOM: potion effect (haste)
 17293 | Lair:4   | Identified the +6 hand axe of the Empty Page {vorpal,
                  | Int+4}
 17320 | Lair:4   | Reached skill level 12 in Dodging
 17792 | Lair:5   | XOM: divination: magic mapping
 18009 | Lair:5   | XOM: cast spell 'Leda's Liquefaction'
 18136 | Lair:5   | XOM: confusion
 18144 | Lair:5   | XOM: noise
 18707 | Lair:6   | Entered Level 6 of the Lair of Beasts
 18726 | Lair:5   | XOM: fog
 18732 | Lair:5   | XOM: scenery: create altars
 18794 | Lair:5   | XOM: enchant monster (good)
 18795 | Lair:5   | Reached skill level 10 in Fighting
 18795 | Lair:5   | Reached skill level 5 in Earth Magic
 18831 | Lair:6   | Reached skill level 5 in Transmutations
 18853 | Lair:6   | Found a staircase to the Slime Pits.
 18941 | Lair:6   | Reached skill level 5 in Spellcasting
 18969 | Lair:6   | XOM: fog
 19007 | Lair:6   | XOM: god gift: 34 gold pieces
 19104 | Lair:6   | XOM: cast spell 'Summon Dragon'
 19127 | Lair:6   | XOM: give mutations
 19127 | Lair:6   | Lost mutation: A frigid envelope surrounds you and freezes
                  | all who hurt you. [Xom's mischief]
 19127 | Lair:6   | Lost mutation: Your tail ends in a wickedly sharp and
                  | venomous barb. [Xom's mischief]
 19169 | Lair:6   | Reached XP level 14. HP: 123/133 MP: 21/21
 19396 | Lair:6   | XOM: noise
 20128 | Orc:1    | Entered Level 1 of the Orcish Mines
 20153 | Orc:1    | XOM: give mutations
 20153 | Orc:1    | Lost mutation: Your tail ends in a sharp venomous barb.
                  | [Xom's mischief]
 20153 | Orc:1    | Lost mutation: Your muscles are strong. (Str +2) [Xom's
                  | mischief]
 20250 | Orc:2    | Entered Level 2 of the Orcish Mines
 20419 | Orc:2    | Found a staircase to the Elven Halls.
 20499 | Orc:2    | Found Ymi Bey's Jewellery Emporium.
 20499 | Orc:2    | Found Vukoah's Magic Scroll Boutique.
 20499 | Orc:2    | XOM: summons 3 hostile shadow creatures
 20606 | Orc:1    | Noticed Jorgrun
 20612 | Orc:1    | Killed Jorgrun
 20613 | Orc:1    | XOM: summons 2 hostile demons
 20740 | Orc:1    | Noticed Nergalle
 20743 | Orc:1    | XOM: enchant monster (bad)
 20751 | Orc:1    | XOM: summons 4 hostile shadow creatures
 20754 | Orc:1    | Noticed Nergalle
 20754 | Orc:1    | Nergalle changed into Nergalle the anaconda
 20754 | Orc:1    | XOM: polymorph Nergalle -> Nergalle the anaconda
 20757 | Orc:1    | XOM: confusion (+ monsters)
 20764 | Orc:1    | XOM: summons 4 friendly demons
 20768 | Orc:1    | Killed Nergalle the anaconda
 20971 | Orc:1    | XOM: silly message
 21338 | Orc:2    | XOM: blink monster(s)
 21619 | Orc:1    | XOM: torment (51/133 hp)
 21959 | Orc:1    | XOM: stat loss: -1 Int (9/10)
 22085 | Orc:1    | XOM: fog
 22224 | Orc:2    | Reached skill level 13 in Dodging
 22313 | Orc:2    | Found Kutayrud's General Store.
 22314 | Orc:2    | Found Reshrauh's Magic Scroll Emporium.
 22362 | Orc:2    | Bought a scroll of enchant weapon for 82 gold pieces
 22362 | Orc:2    | Bought a scroll of magic mapping for 38 gold pieces
 22373 | Orc:2    | Bought a scroll of enchant weapon for 105 gold pieces
 22373 | Orc:2    | Bought a wand of flame (4) for 42 gold pieces
 22373 | Orc:2    | Bought a wand of flame (10) for 84 gold pieces
 22373 | Orc:2    | Bought a potion of curing for 42 gold pieces
 22616 | Orc:2    | Found a bloodstained altar of Trog.
 22897 | D:10     | XOM: god gift: 668 gold pieces
 23534 | D:12     | XOM: enchant monster (good)
 23536 | D:12     | XOM: swap monsters
 23574 | D:12     | Reached XP level 15. HP: 139/139 MP: 24/24
 23675 | D:12     | XOM: cleaving
 23884 | D:13     | XOM: fake destruction
 24056 | D:13     | Noticed Azrael
 24592 | D:13     | Killed Azrael
 24621 | D:13     | Noticed a storm dragon
 24621 | D:13     | Noticed a tengu reaver
 24621 | D:13     | Noticed a frost giant
 24622 | D:13     | Found a runed translucent door.
 24624 | D:13     | Noticed a fire giant
 24624 | D:13     | Noticed a storm dragon
 24624 | D:13     | Noticed a fire giant
 24624 | D:13     | Noticed a storm dragon
 24624 | D:13     | Found the +8 demon blade "Leech" {vamp, Harm Drain rN+}
 24624 | D:13     | Found the +5 scythe "Finisher" {speed, eviscerate}
 24895 | D:13     | XOM: cloud trail
 25147 | D:13     | XOM: chaos upgrade
 25150 | D:13     | XOM: enchant monster (good)
 25346 | D:13     | Found a blossoming altar of Fedhas.
 25937 | D:14     | XOM: swap monsters
 26303 | D:14     | XOM: noise
 26396 | D:14     | XOM: god gift: potion of degeneration
 26471 | D:14     | XOM: polymorph six-headed hydra -> alligator
 26984 | D:14     | XOM: silly message
 27013 | D:14     | Found a gate to the Vaults.
 27379 | D:14     | XOM: divination: detect creatures
 27387 | D:14     | XOM: silly message
 27401 | D:14     | Noticed a sphinx
 27412 | D:14     | Killed a sphinx
 27412 | D:14     | Noticed a shadow dragon
 27429 | D:14     | Killed a shadow dragon
 27433 | D:14     | Upgraded the game from 0.29-a0-19-gef7f3e67aa to
                  | 0.29-a0-23-ga79f92ac9c
 27446 | D:14     | XOM: divination: detect items
 27527 | D:13     | XOM: cloud trail
 27704 | D:13     | XOM: silly message
 28060 | D:14     | XOM: smoke on damage
 28204 | D:15     | Entered Level 15 of the Dungeon
 28227 | D:14     | XOM is BORED!
 28227 | D:14     | XOM: noise
 28236 | D:14     | XOM: silly message
 28459 | D:15     | Noticed Kirke
 28473 | D:15     | Noticed a sphinx
 28473 | D:15     | XOM: potion effect (might)
 28476 | D:14     | Killed Kirke
 28539 | D:15     | Reached XP level 16. HP: 149/149 MP: 27/27
 28696 | D:15     | XOM: silly message
 28779 | D:15     | XOM is BORED!
 28779 | D:15     | XOM: silly message
 28910 | D:15     | XOM: cast spell 'Summon Cactus Giant'
 29045 | D:15     | XOM: enchant monster (bad)
 29193 | D:15     | Found a staircase to the Depths.
 29214 | D:15     | XOM: god gift: wand of digging (5)
 29297 | D:15     | Reached skill level 10 in Shields
 29316 | D:15     | Reached skill level 14 in Dodging
 29329 | D:15     | XOM: cleaving
 29397 | D:15     | XOM: scenery: 1 doors open
 29761 | Snake:1  | Entered Level 1 of the Snake Pit
 29796 | Snake:1  | Found Keru's Jewellery Shop.
 29833 | Snake:1  | Noticed Agnes
 29846 | Snake:1  | Killed Agnes
 29976 | Snake:1  | XOM: noise
 30211 | Snake:1  | XOM: chaos upgrade
 30334 | Snake:1  | XOM: scenery: summon butterflies
 30441 | Snake:1  | XOM: summons 1 hostile demon
 30860 | Snake:1  | Identified the +10 war axe "Giantslayer" {vorpal, Fragile
                  | rN+ Int+2} (Xom gifted it to you on level 1 of the Snake
                  | Pit)
 30860 | Snake:1  | XOM: god gift: +10 war axe "Giantslayer" {chaos, Fragile
                  | rN+ Int+2}
 31205 | Snake:2  | XOM: snakes to sticks
 31545 | Snake:2  | XOM: give mutations
 31545 | Snake:2  | Gained mutation: You have a pair of large horns on your
                  | head. [Xom's grace]
 31545 | Snake:2  | Gained mutation: Your mind is acute. (Int +2) [Xom's grace]
 31742 | Snake:2  | XOM: god gift: trident {god gift}
 31954 | Snake:2  | XOM: god gift: 1055 gold pieces
 31961 | Snake:2  | Identified the ring of Reargh {rPois Dex+7 Stlth+} (Xom
                  | gifted it to you on level 2 of the Snake Pit)
 31961 | Snake:2  | XOM: god gift: ring of Reargh {rPois Dex+7 Stlth+}
 32007 | Snake:2  | Found Nuclis's Magic Scroll Shop.
 32007 | Snake:2  | XOM: fake destruction
 32250 | Snake:2  | XOM: stat loss: -1 Str (16/17)
 32451 | Snake:2  | XOM: summons 1 hostile shadow creature
 32634 | Snake:2  | XOM: god gift: glowing rapier {god gift}
 32834 | Snake:3  | Identified the +1 pair of gloves of Aganyulo {rElec Str-3
                  | SInv Stlth+}
 32834 | Snake:3  | Noticed Nikola
 33103 | Snake:3  | XOM: confuse monster(s)
 33116 | Snake:3  | XOM: summons 1 hostile demon
 33118 | Snake:3  | XOM: give mutations
 33118 | Snake:3  | Lost mutation: You are robust. (+10% HP) [Xom's mischief]
 33118 | Snake:3  | Lost mutation: Your tail ends in a venomous barb. [Xom's
                  | mischief]
 33118 | Snake:3  | Lost mutation: You have a pair of large horns on your head.
                  | [Xom's mischief]
 33121 | Snake:3  | Reached XP level 17. HP: 144/144 MP: 29/29
 33218 | Snake:3  | XOM: chaos cloud
 33220 | Snake:3  | Paralysed by you for 5 turns
 33402 | Snake:3  | XOM: god gift: +2 kite shield of protection
 33411 | Snake:3  | XOM: blink monster(s)
 33478 | Snake:3  | XOM: give mutations
 33478 | Snake:3  | Lost mutation: You passively dampen the noise of your
                  | surroundings. [Xom's mischief]
 33478 | Snake:3  | Lost mutation: You have large cloven feet. [Xom's mischief]
 33478 | Snake:3  | Lost mutation: Your mind is acute. (Int +2) [Xom's
                  | mischief]
 33478 | Snake:3  | Gained mutation: You expend magic power (3 MP) to
                  | strengthen your wands. [Xom's mischief]
 33672 | Snake:3  | XOM: give mutations
 33672 | Snake:3  | Lost mutation: Your flesh is very heat resistant. (rF++)
                  | [Xom's mischief]
 33672 | Snake:3  | Gained mutation: You occasionally shout uncontrollably at
                  | your foes. [Xom's mischief]
 33794 | Snake:3  | Noticed Mlioglotl
 33801 | Snake:3  | XOM: fog
 33802 | Snake:3  | XOM: torment (59/144 hp)
 33810 | Snake:3  | XOM: summons 10 friendly demons
 33812 | Snake:3  | Noticed Vashnia
 34166 | Snake:3  | Killed Mlioglotl
 34185 | Snake:3  | XOM: scenery: create altars
 34188 | Snake:3  | XOM: scenery: summon butterflies
 34208 | Snake:3  | XOM: confuse monster(s)
 34213 | Snake:3  | Killed Vashnia
 34260 | Snake:3  | XOM: summons 2 hostile demons
 34380 | Snake:3  | XOM: stat loss: -1 Str (16/17)
 34442 | Snake:3  | XOM: give mutation
 34442 | Snake:3  | Lost mutation: You are somewhat resistant to both further
                  | mutation and mutation removal. [Xom's mischief]
 34550 | Snake:3  | Noticed Aizul
 34552 | Snake:3  | Aizul changed into Aizul the shapeshifter
 34552 | Snake:3  | XOM: polymorph Aizul -> Aizul the shapeshifter
 34553 | Snake:3  | Noticed Louise
 34574 | Snake:3  | Killed Louise
 34606 | Snake:3  | XOM: give mutations
 34606 | Snake:3  | Lost mutation: You are agile. (Dex +2) [Xom's mischief]
 34606 | Snake:3  | Lost mutation: You expend magic power (3 MP) to strengthen
                  | your wands. [Xom's mischief]
 34606 | Snake:3  | Gained mutation: You are clumsy. (Dex -2) [Xom's mischief]
 34921 | Snake:3  | XOM: swap monsters
 35420 | Snake:4  | Entered Level 4 of the Snake Pit
 35426 | Snake:4  | XOM: stat loss: -1 Str (16/17)
 35435 | Snake:3  | XOM: enchant monster (bad)
 35706 | Snake:4  | XOM: summons friendly ufetubus
 35756 | Snake:4  | XOM: enchant monster (good)
 35784 | Snake:4  | Reached skill level 10 in Transmutations
 35801 | Snake:4  | XOM: scenery: 2 doors open, 1 doors close
 35809 | Snake:4  | XOM: fake destruction
 36147 | Snake:4  | XOM: give mutations
 36147 | Snake:4  | Gained mutation: Your flesh is very heat resistant. (rF++)
                  | [Xom's grace]
 36147 | Snake:4  | Gained mutation: Your muscles are strong. (Str +2) [Xom's
                  | grace]
 36147 | Snake:4  | Gained mutation: Your tail ends in a venomous barb. [Xom's
                  | grace]
 36167 | Snake:4  | XOM: cast spell 'Call Canine Familiar'
 36300 | Snake:4  | XOM: divination: magic mapping
 36571 | Snake:4  | XOM: potion effect (haste)
 36577 | Snake:4  | XOM: divination: magic mapping
 36591 | Snake:4  | XOM: noise
 36652 | Snake:4  | XOM: divination: detect items
 36840 | Snake:4  | XOM: potion effect (haste)
 36886 | Snake:4  | XOM: noise
 36998 | Snake:4  | Reached skill level 15 in Dodging
 37101 | Snake:4  | XOM: cast spell 'Cause Fear'
 37106 | Snake:4  | XOM: silly message
 37109 | Snake:4  | XOM: cast spell 'Summon Dragon'
 37128 | Snake:4  | XOM: summons friendly crimson imp
 37154 | Snake:4  | XOM: cast spell 'Cause Fear'
 37452 | Snake:4  | Got a serpentine rune of Zot
 37716 | Snake:4  | XOM: polymorph guardian serpent -> swamp dragon
 38005 | D:10     | XOM: god gift: +2 battleaxe of draining
 38041 | Elf:1    | Entered Level 1 of the Elven Halls
 38122 | Elf:1    | Found Lilifevoik's Jewellery Emporium.
 38132 | Elf:1    | Noticed Frances
 38136 | Elf:1    | Noticed Asterion
 38139 | Elf:1    | XOM: summons 8 friendly demons
 38142 | Elf:1    | Killed Frances
 38150 | Elf:1    | Asterion changed into Asterion the shapeshifter
 38150 | Elf:1    | XOM: polymorph Asterion -> Asterion the shapeshifter
 38215 | Elf:1    | XOM: god gift: fine shortbow {god gift}
 38215 | Elf:1    | Identified the +3 shortbow of Grace {chaos, rC+} (Xom
                  | gifted it to you on level 1 of the Elven Halls)
 38249 | Elf:1    | Learned a level 2 spell: Wereblood
 38330 | Elf:1    | Reached skill level 10 in Earth Magic
 38543 | Elf:1    | XOM: butterfly on damage
 38774 | Elf:1    | XOM: fake destruction
 39026 | Elf:2    | Found Dyblen's Book Shoppe.
 39036 | Elf:2    | Found a shimmering blue altar of Sif Muna.
 39079 | Elf:2    | XOM: potion effect (haste)
 39081 | Elf:2    | Found Gosa's Assorted Antiques.
 39088 | Elf:2    | Found Huramy's Weapon Shoppe.
 39102 | Elf:2    | Bought a scroll of enchant armour for 210 gold pieces
 39102 | Elf:2    | Bought a pair of embroidered boots for 210 gold pieces
 39175 | Elf:2    | XOM: silly message
 39178 | Elf:2    | XOM: potion effect (invisibility)
 39182 | Elf:2    | Reached XP level 18. HP: 146/152 MP: 28/31
 39297 | Elf:2    | XOM: noise
 39334 | Elf:2    | Found a runed translucent gate.
 39334 | Elf:2    | Found a runed translucent gate.
 39345 | Elf:2    | Found a runed translucent gate.
 39391 | Elf:2    | XOM: silly message
 39431 | Elf:2    | XOM: silly message
 39437 | Elf:2    | XOM: silly message
 40026 | Elf:2    | XOM: potion effect (brilliance)
 40027 | Elf:2    | XOM: potion effect (curing)
 40120 | Elf:2    | XOM: cast spell 'Call Canine Familiar'
 40787 | Elf:3    | Entered Level 3 of the Elven Halls
 40938 | Elf:3    | XOM: divination: detect creatures
 41101 | Elf:3    | Paralysed by an air elemental for 1 turns
 41105 | Elf:3    | Paralysed by an air elemental for 1 turns
 41120 | Elf:3    | Reached skill level 10 in Spellcasting
 41650 | Elf:3    | XOM: potion effect (magic)
 41653 | Elf:3    | XOM: divination: detect items
 41655 | Elf:3    | Noticed an Ice Fiend
 41656 | Elf:3    | XOM: divination: detect items
 41657 | Elf:3    | Noticed a Brimstone Fiend
 41658 | Elf:3    | XOM: butterfly on damage
 41659 | Elf:3    | Noticed a Hell Sentinel
 41688 | Elf:3    | XOM: silly message
 42294 | Elf:3    | XOM: fog
 42357 | Elf:3    | XOM: god gift: staff of fire
 42491 | Elf:3    | XOM: summons 2 friendly demons
 42497 | Elf:3    | XOM: confuse monster(s)
 42789 | Elf:2    | XOM: god gift: +0 buckler of reflection
 42881 | Elf:2    | XOM: give mutations
 42881 | Elf:2    | Gained mutation: Your muscles are very strong. (Str +4)
                  | [Xom's grace]
 42881 | Elf:2    | Gained mutation: You have large cloven feet. [Xom's grace]
 42881 | Elf:2    | Gained mutation: You have a pair of large horns on your
                  | head. [Xom's grace]
 42881 | Elf:2    | Lost mutation: You are clumsy. (Dex -2) [Xom's grace]
 42930 | Elf:3    | XOM: confuse monster(s)
 42939 | Elf:3    | Noticed a Tzitzimitl
 42941 | Elf:3    | XOM: confuse monster(s)
 42967 | Elf:3    | XOM: divine lightning
 42972 | Elf:3    | Identified the ring of Fadwem {*Corrode +Blink rPois rN+
                  | Will++}
 43100 | Elf:3    | Identified the +7 shortbow "Nogudweb" {flame, Str+4}
 43563 | Depths:1 | Entered Level 1 of the Depths
 43787 | Depths:1 | XOM: blink monster(s)
 43791 | Depths:1 | XOM: polymorph stone giant -> dire elephant
 44018 | Depths:1 | Reached skill level 15 in Axes
 44033 | Depths:1 | Reached XP level 19. HP: 145/160 MP: 33/33
 44084 | Depths:1 | Found Vuis's Magic Scroll Shop.
 44087 | Depths:1 | Found Doeghar's Armour Shop.
 44087 | Depths:1 | Found Defiraf's Book Boutique.
 44105 | Depths:1 | XOM: summons 5 friendly demons
 44437 | Depths:1 | XOM: swap monsters
 44450 | Depths:1 | Found Tetik's General Store.
 44452 | Depths:1 | Bought a scroll of holy word for 90 gold pieces
 44465 | Depths:1 | Bought a scroll of magic mapping for 49 gold pieces
 44465 | Depths:1 | Bought a wand of iceblast (4) for 112 gold pieces
 44565 | Depths:1 | XOM: blink monster(s)
 44568 | Depths:1 | Found a gateway to Hell.
 44580 | Depths:1 | XOM: blink monster(s)
 44596 | Depths:1 | XOM: summons 10 hostile demons
 44611 | Depths:1 | XOM: chaos cloud
 44616 | Depths:1 | XOM: summons friendly ufetubus
 44828 | D:15     | Reached skill level 16 in Dodging
 44990 | Hell     | Entered the Vestibule of Hell
 44990 | Hell     | Noticed Geryon
 45106 | Depths:1 | Found a one-way gate to the infinite horrors of the Abyss.
 45179 | Depths:1 | XOM: polymorph cyan ugly thing -> red ugly thing
 45192 | Depths:1 | XOM: scenery: summon butterflies
 45353 | D:15     | XOM: give mutations
 45353 | D:15     | Lost mutation: You have a pair of large horns on your head.
                  | [Xom's mischief]
 45353 | D:15     | Lost mutation: Your tail ends in a venomous barb. [Xom's
                  | mischief]
 45760 | D:15     | XOM: stat loss: -1 Str (20/21)
 45979 | Depths:1 | Found a hazy altar of Hepliaklqana.
 46029 | Depths:2 | XOM: stealth player
 46295 | Elf:2    | Bought a book of the Earth for 576 gold pieces
 46303 | Elf:2    | Learned a level 6 spell: Statue Form
 46313 | Elf:2    | XOM: give mutations
 46313 | Elf:2    | Lost mutation: You have a somewhat thin skeletal structure.
                  | (Dex +2, Stealth+) [Xom's mischief]
 46313 | Elf:2    | Gained mutation: You are occasionally teleported next to
                  | monsters. [Xom's mischief]
 46313 | Elf:2    | Lost mutation: You are occasionally teleported next to
                  | monsters. [Xom's mischief]
 46313 | Elf:2    | Lost mutation: You are somewhat resistant to further
                  | mutation. [Xom's mischief]
 46325 | Elf:2    | Lost mutation: Your muscles are very strong. (Str +4)
                  | [mutagenic glow]
 46345 | Elf:2    | Gained mutation: You are clumsy. (Dex -2) [mutagenic glow]
 46406 | Elf:2    | XOM: silly message
 46693 | D:13     | XOM: silly message
 46701 | D:13     | XOM: give mutations
 46701 | D:13     | Lost mutation: You have a pair of horns on your head.
                  | [Xom's mischief]
 46701 | D:13     | Lost mutation: You passively map a small area around you.
                  | [Xom's mischief]
 46809 | Depths:1 | XOM: silly message
 47199 | Hell     | XOM: god gift: 23 stones
 47382 | Hell     | XOM: confuse monster(s)
 47794 | Depths:1 | Demolished by an iron golem

Illustrated notes

Levels and vault maps discovered:
D:1:      wander_arrival_estate, layout_rooms, nicolae_ecumenical_lake_church,
          st_stairs_11
D:2:      layout_loops_ring, corexii_leaking_fountain, uniq_jessica,
          uniq_sigmund
D:3:      layout_basic, tso_oasis_becter
D:4:      layout_rooms
D:5:      layout_layer_cave, gammafunk_ghost_arena
D:6:      layout_loops_ring, minmay_temple_entry_large_hall,
          portal_sewer_entry_a
D:7:      cheibrodos_quashed, layout_basic, minivault_5, uniq_pikel
D:8:      minmay_cornered_nines, layout_rooms, uniq_maurice, uniq_gastronok,
          uniq_psyche
D:9:      layout_irregular_city, dpeg_lair_monsters, enter_bailey_5,
          solitary_fountain
D:10:     layout_irregular_city, zombieorc1_lemuel, minmay_increasing_density
D:11:     layout_loops_ring
D:12:     layout_rooms
D:13:     minmay_gate_of_8, layout_cave_pools, statue_in_the_mist_lemuel,
          eino_small_chamber_without_monster, fedhas_altar_fruit_tree,
          uniq_azrael
D:14:     minmay_tile_spiral, layout_grid_maze, david_vaults_4,
          grunt_decor_junction
D:15:     grunt_enter_depths_snipers, layout_irregular_city,
          serial_park_fountain, uniq_kirke
Lair:1:   layout_roguey [special_room_bee], uniq_urug
Lair:2:   dragon1_lemuel, layout_gridlike, guppyfry_snake_entry_island,
          lemuel_fruit_tree, serial_bayou_shore_a, infiniplex_staircase_pool_2
Lair:3:   layout_hall_layers, swamp_mist, basic_altar
Lair:4:   layout_loops_ring, portal_ice_cave_rime, ldierk_geyser, uniq_sonja
Lair:5:   layout_regular_city, cheibrodos_lair_reptile_den
Lair:6:   minmay_lair_end_frog_pond, layout_small_grid,
          nicolae_slime_entry_slimehenge, roderic_batcave
Snake:1:  layout_honeycomb, serial_shops, nicolae_shop_waterfront,
          nicolae_snake_salamander_stairs, uniq_agnes
Snake:2:  layout_onion, minmay_shop_star
Snake:3:  layout_layer_cave, grunt_megastairs_3, uniq_louise, uniq_aizul,
          uniq_vashnia, uniq_nikola, uniq_mlioglotl
Snake:4:  grunt_snake_rune_pools, layout_cave_town,
          nicolae_snake_gridmaze_entwining
Orc:1:    layout_caves, uniq_nergalle, uniq_jorgrun
Orc:2:    st_orc_open, layout_caves, david_defended_altar_orc
Elf:1:    layout_loops_cross, serial_shops, shop, hangedman_elf_disciples,
          uniq_frances, uniq_asterion
Elf:2:    elven_hall_of_blades_hangedman_original
          [nicolae_blade_entry_pointy_end], layout_gridlike, basic_altar,
          serial_shops, nicolae_shop_trees, nicolae_shop_hallway_stairs, shop,
          nrook_uturn, drop_trap, serial_sigils_hangedman_gnaw
Elf:3:    elf_hall, layout_gridlike
Depths:1: layout_twisted_cross, pf_hell_entry_tar_river, minmay_room_of_horrors,
          nicolae_hepliaklqana_hippocampus, serial_bayou_shore_b,
          minmay_shoptagon
Depths:2: grunt_bent_corner, layout_gridville, minmay_misc_feat_room,
          serial_shops, shop, hell_entry, abyss_entry,
          grunt_pan_entry_in_and_out, minmay_staircase_windowed_large,
          serial_bayou_shore_b
Hell

Skill      XL: |  1  2  3  4  5  6  7  8  9 10 11 12 13 14 15 16 17 18 19 |
---------------+----------------------------------------------------------+-----
Fighting       | 4 5 6 7 8 9 10 11 12 | 12.5
Long Blades    | 4 5 6 8 9 |  9.5
Dodging        | 3 4 5 6 8 9 11 12 13 14 15 16 | 16.1
Shields        | 2 3 4 6 8 9 11 12 13 | 13.6
Bows           | 3 4 5 |  5.1
Axes           | 4 7 9 10 11 12 13 14 15 | 15.3
Evocations     | 2 3 |  3.3
Earth Magic    | 3 5 6 8 9 10 11 | 11.4
Transmutations | 3 5 7 8 9 10 11 | 11.8
Spellcasting   | 3 5 6 7 8 9 10 | 10.8
Throwing       | |  0.3

Action                   |  1- 3 |  4- 6 |  7- 9 | 10-12 | 13-15 | 16-18 | 19-21 || total
-------------------------+-------+-------+-------+-------+-------+-------+-------++-------
Melee: Falchion          |    70 |   117 |   233 |    14 |       |       |       ||   434
       Tailslap          |     6 |    10 |    28 |    84 |   193 |   199 |    58 ||   578
       Punch             |     1 |     1 |     2 |     4 |       |       |       ||     8
       Headbutt          |       |       |    21 |    91 |   280 |   314 |    80 ||   786
       War axe           |       |       |    15 |   292 |   936 |  1097 |   243 ||  2583
       Long sword        |       |       |       |    21 |       |       |       ||    21
       Battleaxe         |       |       |       |    95 |    16 |       |       ||   111
       Scimitar          |       |       |       |       |     8 |       |       ||     8
 Fire: Shortbow          |       |       |    51 |    66 |       |       |       ||   117
Throw: Throwing net      |       |       |       |       |       |     3 |       ||     3
 Cast: Passwall          |       |       |       |     1 |       |    18 |       ||    19
       Wereblood         |       |       |       |       |       |    25 |     6 ||    31
 Abil: Breathe Fire      |       |       |     4 |    11 |     6 |     3 |       ||    24
Evoke: Wand              |       |       |       |    24 |     1 |    15 |     3 ||    43
       Piece from Xom's  |       |       |       |       |     8 |    15 |       ||    23
       Tin of tremorston |       |       |       |       |       |     2 |       ||     2
       Box of beasts     |       |       |       |       |       |     1 |     1 ||     2
       Phial of floods   |       |       |       |       |       |     1 |       ||     1
       Condenser vane    |       |       |       |       |       |     1 |       ||     1
  Use: Scroll            |     3 |     4 |     4 |    10 |    10 |     6 |     4 ||    41
       Potion            |       |     2 |     1 |     9 |     2 |     4 |     2 ||    20
 Stab: Sleeping          |       |     1 |       |     7 |    23 |    16 |     1 ||    48
       Confused          |       |       |     2 |     1 |     1 |    17 |     7 ||    28
       Paralysed         |       |       |     2 |       |       |     3 |       ||     5
       Distracted        |       |       |     1 |     1 |     8 |     3 |       ||    13
       Invisible         |       |       |       |     1 |       |       |       ||     1
       Petrified         |       |       |       |       |     7 |       |       ||     7
       Petrifying        |       |       |       |       |       |     4 |       ||     4
       Held in net/web   |       |       |       |       |       |     1 |       ||     1
Armor: Skin              |    18 |    27 |    94 |   141 |   184 |   114 |    51 ||   629
Dodge: Dodged            |    48 |    69 |   226 |   524 |   635 |   485 |   116 ||  2103
Block: Other             |       |     7 |    75 |   195 |     3 |       |       ||   280
       Reflection        |       |       |     2 |     3 |    49 |   174 |       ||   228
       Tower shield      |       |       |       |       |  1592 |  1664 |   439 ||  3695

Table legend: (Time is in decaauts)
 A = Elapsed time spent in this place.
 B = Non-inter-level travel time spent in this place.
 C = Inter-level travel time spent in this place.
 D = Time resting spent in this place.
 E = Time spent auto-exploring this place.
 F = Levels seen in this place.
 G = Mean time per level.
                   A        B        C        D        E       F      G
               +--------+--------+--------+--------+--------+-----+--------+
         Total |  48218 |  45584 |   2634 |  14342 |  20328 |  35 | 1377.7 |
       Dungeon |  19471 |  18102 |   1369 |   4907 |   9835 |  15 | 1298.1 |
          Lair |   8681 |   8173 |    508 |   2283 |   3854 |   6 | 1446.8 |
     Snake Pit |   8175 |   7882 |    293 |   2625 |   3119 |   4 | 2043.8 |
  Orcish Mines |   2859 |   2735 |    124 |   1006 |   1131 |   2 | 1429.5 |
   Elven Halls |   5702 |   5433 |    269 |   2184 |   1600 |   3 | 1900.7 |
        Depths |   2016 |   1947 |     69 |    873 |    396 |   2 | 1008.0 |
          Hell |     47 |     47 |      0 |      0 |      0 |   1 |   47.0 |
         Sewer |    563 |    563 |      0 |      0 |    392 |   1 |  563.0 |
        Bailey |    700 |    700 |      0 |    464 |      0 |   1 |  700.0 |
               +--------+--------+--------+--------+--------+-----+--------+

Top non-repeatable levels by time:
    D:15: 2863 daAuts
    D:14: 2552 daAuts
   Elf:2: 2379 daAuts
 Snake:2: 2349 daAuts
 Snake:3: 2343 daAuts
   Elf:3: 2245 daAuts
    D:13: 2183 daAuts
 Snake:4: 2088 daAuts
  Lair:1: 1853 daAuts
     D:7: 1837 daAuts
   Orc:1: 1656 daAuts
  Lair:2: 1637 daAuts
Depths:1: 1625 daAuts
  Lair:4: 1535 daAuts
    D:10: 1523 daAuts
